AoeStats
← Buhr

Coastal Forest

510822103Analyzed
4v4 RM · 11h ago on Oct 2, 2026· 15m 7s· 8 players
Game mode
Random Map
Map size
Large (8 player)
Population
200
Speed
Normal
Resources
Standard
Victory
Conquest
Starting age
Dark Age
Ending age
Imperial Age
RankedLock teamsTeams togetherTeam positionsShared explorationLock speedFull tech treeHidden civsTurbo modeCheats
Victory
Defeat
🇷🇺 Malians · Russia
1629
+9
🇮🇳 Vikings · India
1624
+9
🇬🇧 Muisca · United Kingdom
1492
+13
🇬🇧 Saxons · United Kingdom
1325
+20
🇺🇸 Franks · United States
1481
-14
🇹🇼 Mapuche · Taiwan
1461
-13
🇲🇽 Britons · Mexico
1460
-13
🇧🇩 Saracens · Bangladesh
1411
-11
CumansCumin
9:02 Loom
10:47 Feudal Age
タンヤ
10:55 Feudal Age
15:04 Castle Age
13:00 Double-Bit Axe
13:07 Horse Collar
14:01 Fletching
14:18 Gold Mining
Buhr
6:31 Loom
9:07 Feudal Age
10:55 Double-Bit Axe
kazumakine
8:05 Loom
10:12 Feudal Age
13:39 Double-Bit Axe
TheSleepyBishop
6:42 Loom
9:23 Feudal Age
9:33 Man-at-Arms
Iguanarama
10:58 Feudal Age
10:19 Loom
14:29 Castle Age
13:26 Forging
13:13 Double-Bit Axe
13:09 Horse Collar
MythicKilobyte
10:05 Feudal Age
8:25 Loom
13:35 Castle Age
12:43 Double-Bit Axe
13:25 Horse Collar
Mr.Haloka
9:03 Feudal Age
8:51 Loom
10:43 Double-Bit Axe
11:31 Fletching
12:33 Wheelbarrow
14:47 Padded Archer Armor
Connection lost

Rejoining the realm…

Still unreachable

The connection could not be restored.

Session expired

The server has moved on; the page needs a fresh start.